BSA
ST. LOUIS BROWNS @ NEW ORLEANS LOOTERS
09/08/2030
 
TOP OF THE 1ST
St. Louis Browns batting - Pitching for New Orleans Looters : RHP Étienne Garcia
Pitching: RHP Étienne Garcia
Batting: LHB Robin Hill 0-0: Swinging Strike
0-1: Ground out 4-3 (Groundball, 4)
Batting: LHB Juan Vásquez 0-0: Called Strike
0-1: Called Strike
0-2: SINGLE (Groundball, 34D)
Batting: LHB Norberto Muñóz 0-0: Ball
1-0: Foul Ball, location: 2F
1-1: Ball
2-1: Ball
3-1: Base on Balls
Juan Vásquez to second
Batting: RHB Carlos Alfaro 0-0: Foul Ball, location: 2F
0-1: Ball
1-1: SINGLE (Line Drive, 89S)
Juan Vásquez to third
Norberto Muñóz to second
Runner from 3rd tries for Home, SAFE, no throw
Batting: LHB Junior Coates 0-0: Foul Ball, location: 2F
0-1: 3-RUN HOME RUN (Flyball, 89XD), Distance : 392 ft
Batting: RHB Jeff Jones 0-0: Ball
1-0: Fly out, F7 (Flyball, 7S)
Batting: RHB Felipe Rodríguez 0-0: Called Strike
0-1: Hit by Pitch
Batting: RHB José Flores 0-0: Ball
1-0: Called Strike
1-1: Fielders Choice at 2nd, 5-4 (Groundball, 56)
Top of the 1st over - 4 runs, 3 hits, 0 errors, 1 left on base; St. Louis 4 - New Orleans 0
BOTTOM OF THE 1ST
New Orleans Looters batting - Pitching for St. Louis Browns : LHP Jeff Sandusky
Pitching: LHP Jeff Sandusky
Batting: LHB Miguel Colón 0-0: Ball
1-0: Ball
2-0: Called Strike
2-1: Called Strike
2-2: Ground out 1-3 (Groundball, P)
Batting: LHB Mario Álvarez 0-0: Called Strike
0-1: Called Strike
0-2: Ball
1-2: Fly out, F8 (Flyball, 8RM)
Batting: SHB Arturo Sánchez 0-0: Ball
1-0: Swinging Strike
1-1: Ball
2-1: Ball
3-1: Foul Ball, location: 2F
3-2: Ground out 6-3 (Groundball, 6)
Bottom of the 1st over - 0 runs, 0 hits, 0 errors, 0 left on base; St. Louis 4 - New Orleans 0
TOP OF THE 2ND
St. Louis Browns batting - Pitching for New Orleans Looters : RHP Étienne Garcia
Batting: LHB Dave Watson 0-0: Called Strike
0-1: Called Strike
0-2: Ball
1-2: Foul Ball, location: 2F
1-2: Foul Ball, location: 2F
1-2: Foul Ball, location: 2F
1-2: Ball
2-2: Strikes out swinging
Batting: LHB Robin Hill 0-0: Called Strike
0-1: Foul Ball, location: 2F
0-2: Fly out, F7 (Line Drive, 7S)
Batting: LHB Juan Vásquez 0-0: Called Strike
0-1: Ball
1-1: Foul Ball, location: 2F
1-2: SINGLE (Line Drive, 8LS)
Batting: LHB Norberto Muñóz 0-0: Ball
1-0: Ball
2-0: Foul Ball, location: 2F
2-1: Swinging Strike
2-2: Strikes out looking
Top of the 2nd over - 0 runs, 1 hit, 0 errors, 1 left on base; St. Louis 4 - New Orleans 0
BOTTOM OF THE 2ND
New Orleans Looters batting - Pitching for St. Louis Browns : LHP Jeff Sandusky
Batting: SHB Oliver Deleón 0-0: SINGLE (Line Drive, 78S)
Batting: LHB Taylor Smith 0-0: Ball
1-0: Foul Ball, location: 2F
1-1: Ball
2-1: Fly out, F6 (Popup, 6MD)
Batting: RHB Tim Gardner 0-0: Foul Ball, location: 2F
0-1: SINGLE (Line Drive, 4D)
Oliver Deleón to second
Batting: RHB Dan Banks 0-0: Ball
1-0: Foul Ball, location: 2F
1-1: Foul Ball, location: 2F
1-2: Foul Ball, location: 2F
1-2: Ball
2-2: Ball
3-2: Fly out, F7 (Flyball, 7D)
Runner from 2nd tags up, SAFE at 3rd, no throw
Batting: LHB John Hudson 0-0: Ball
1-0: Called Strike
1-1: Ground out U3 (Groundball, 3L)
Bottom of the 2nd over - 0 runs, 2 hits, 0 errors, 2 left on base; St. Louis 4 - New Orleans 0
TOP OF THE 3RD
St. Louis Browns batting - Pitching for New Orleans Looters : RHP Étienne Garcia
Batting: RHB Carlos Alfaro 0-0: Ball
1-0: Ball
2-0: Foul Ball, location: 2F
2-1: SINGLE (Groundball, 6MD)
Batting: LHB Junior Coates 0-0: Ball
1-0: Called Strike
1-1: DOUBLE (Line Drive, 9LM)
Carlos Alfaro to third
Batting: RHB Jeff Jones 0-0: Ground out 5-3 (Groundball, 56)
Carlos Alfaro scores
Batting: RHB Felipe Rodríguez 0-0: Ball
1-0: Foul Ball, location: 2F
1-1: Ball
2-1: Foul Ball, location: 2F
2-2: Ball
Passed Ball!
Junior Coates to third
3-2: Fly out, F5 (Line Drive, 5)
Batting: RHB José Flores 0-0: Reached on error, E1 (Groundball, P)
Junior Coates scores
Batting: LHB Dave Watson 0-0: Fly out, F8 (Flyball, 89M)
Top of the 3rd over - 2 runs, 2 hits, 1 error, 1 left on base; St. Louis 6 - New Orleans 0
BOTTOM OF THE 3RD
New Orleans Looters batting - Pitching for St. Louis Browns : LHP Jeff Sandusky
Batting: RHB Kolomon Meise 0-0: Ball
1-0: Ball
2-0: Ball
3-0: Base on Balls
Batting: LHB Miguel Colón 0-0: Called Strike
0-1: Swinging Strike
0-2: Foul Ball, location: 2F
0-2: Ball
1-2: Strikes out looking
Batting: LHB Mario Álvarez 0-0: Ball
1-0: Called Strike
1-1: Ball
2-1: SINGLE (Line Drive, 78S)
Kolomon Meise to second
Batting: SHB Arturo Sánchez 0-0: Foul Ball, location: 2F
0-1: Grounds into double play, 6-4-3 (Groundball, 56)
Bottom of the 3rd over - 0 runs, 1 hit, 0 errors, 1 left on base; St. Louis 6 - New Orleans 0
TOP OF THE 4TH
St. Louis Browns batting - Pitching for New Orleans Looters : RHP Étienne Garcia
Batting: LHB Robin Hill 0-0: Ball
1-0: Swinging Strike
1-1: Foul Ball, location: 2F
1-2: Foul Ball, location: 2F
1-2: Ground out 4-3 (Groundball, 4)
Batting: LHB Juan Vásquez 0-0: Called Strike
0-1: Ball
1-1: SINGLE (Line Drive, 7S)
Batting: LHB Norberto Muñóz 0-0: Swinging Strike
0-1: Ground out U3 (Groundball, 3S)
Juan Vásquez to second
Batting: RHB Carlos Alfaro 0-0: Called Strike
0-1: SINGLE (Flyball, 89M)
Juan Vásquez to third
Runner from 3rd tries for Home, SAFE, throw made home
Carlos Alfaro to second
Batting: LHB Junior Coates 0-0: Swinging Strike
0-1: Swinging Strike
0-2: Ball
1-2: Ball
2-2: Strikes out swinging
Top of the 4th over - 1 run, 2 hits, 0 errors, 1 left on base; St. Louis 7 - New Orleans 0
BOTTOM OF THE 4TH
New Orleans Looters batting - Pitching for St. Louis Browns : LHP Jeff Sandusky
Batting: SHB Oliver Deleón 0-0: Foul Ball, location: 2F
0-1: Foul Ball, location: 2F
0-2: Ball
1-2: Ball
2-2: Ball
3-2: SINGLE (Groundball, 56D)
Batting: LHB Taylor Smith 0-0: Called Strike
0-1: Ball
1-1: Fielders Choice at 2nd, U6 (Groundball, 4MD)
Batting: RHB Tim Gardner 0-0: Ball
1-0: Foul Ball, location: 2F
1-1: Foul Ball, location: 2F
1-2: Foul Ball, location: 2F
1-2: Grounds into double play, 4-6-3 (Groundball, 4M)
Bottom of the 4th over - 0 runs, 1 hit, 0 errors, 0 left on base; St. Louis 7 - New Orleans 0
TOP OF THE 5TH
St. Louis Browns batting - Pitching for New Orleans Looters : RHP Étienne Garcia
Batting: RHB Jeff Jones 0-0: Ball
1-0: Ball
2-0: Called Strike
2-1: Swinging Strike
2-2: SINGLE (Line Drive, 89M)
Batting: RHB Felipe Rodríguez 0-0: Called Strike
0-1: Foul Ball, location: 2F
0-2: Grounds into double play, 6-4-3 (Groundball, 6)
Pitching: RHP Jason MacKnight
Batting: RHB José Flores 0-0: SINGLE (Line Drive, 8LS)
Batting: LHB Dave Watson 0-0: Called Strike
0-1: Called Strike
0-2: Fly out, F7 (Flyball, 78M)
Top of the 5th over - 0 runs, 2 hits, 0 errors, 1 left on base; St. Louis 7 - New Orleans 0
BOTTOM OF THE 5TH
New Orleans Looters batting - Pitching for St. Louis Browns : LHP Jeff Sandusky
Batting: RHB Dan Banks 0-0: Swinging Strike
0-1: Called Strike
0-2: Strikes out swinging
Batting: LHB John Hudson 0-0: Swinging Strike
0-1: Ball
1-1: Foul Ball, location: 2F
1-2: Strikes out looking
Batting: RHB Kolomon Meise 0-0: Ball
1-0: Swinging Strike
1-1: Swinging Strike
1-2: Ball
2-2: Foul Ball, location: 2F
2-2: Strikes out looking
Bottom of the 5th over - 0 runs, 0 hits, 0 errors, 0 left on base; St. Louis 7 - New Orleans 0
TOP OF THE 6TH
St. Louis Browns batting - Pitching for New Orleans Looters : RHP Jason MacKnight
Batting: LHB Robin Hill 0-0: Foul Ball, location: 2F
0-1: Ground out 6-3 (Groundball, 6M)
Batting: LHB Juan Vásquez 0-0: Fly out, F7 (Flyball, 78S)
Batting: LHB Norberto Muñóz 0-0: Ball
1-0: Called Strike
1-1: Ball
2-1: Swinging Strike
2-2: Ground out 1-3 (Groundball, P)
Top of the 6th over - 0 runs, 0 hits, 0 errors, 0 left on base; St. Louis 7 - New Orleans 0
BOTTOM OF THE 6TH
New Orleans Looters batting - Pitching for St. Louis Browns : LHP Jeff Sandusky
Batting: LHB Miguel Colón 0-0: Ball
1-0: Ground out 6-3 (Groundball, 6M)
Batting: LHB Mario Álvarez 0-0: Ball
1-0: Foul Ball, location: 2F
1-1: Foul Ball, location: 2F
1-2: Ground out 4-3 (Groundball, 4M)
Batting: SHB Arturo Sánchez 0-0: Ball
1-0: Ball
2-0: Swinging Strike
2-1: Fly out, F9 (Flyball, 9)
Bottom of the 6th over - 0 runs, 0 hits, 0 errors, 0 left on base; St. Louis 7 - New Orleans 0
TOP OF THE 7TH
St. Louis Browns batting - Pitching for New Orleans Looters : RHP Jason MacKnight
Batting: RHB Carlos Alfaro 0-0: Ball
1-0: Foul Ball, location: 2F
1-1: Swinging Strike
1-2: Ball
2-2: SINGLE (Groundball, 6MD)
Batting: LHB Junior Coates 0-0: Ball
1-0: 2-RUN HOME RUN (Flyball, 7LD), Distance : 348 ft
Batting: RHB Jeff Jones 0-0: Ball
1-0: Fly out, F5 (Line Drive, 56)
Batting: RHB Felipe Rodríguez 0-0: Ball
1-0: SINGLE (Line Drive, 78S)
Batting: RHB José Flores 0-0: Called Strike
0-1: Grounds into double play, 5-4-3 (Groundball, 56)
Top of the 7th over - 2 runs, 3 hits, 0 errors, 0 left on base; St. Louis 9 - New Orleans 0
BOTTOM OF THE 7TH
New Orleans Looters batting - Pitching for St. Louis Browns : LHP Jeff Sandusky
Batting: SHB Oliver Deleón 0-0: Ball
1-0: SOLO HOME RUN (Flyball, 78XD), Distance : 410 ft
Batting: LHB Taylor Smith 0-0: Called Strike
0-1: Foul Ball, location: 2F
0-2: Ball
1-2: Fly out, F8 (Flyball, 8LD)
Batting: RHB Tim Gardner 0-0: SINGLE (Groundball, 56D)
Batting: RHB Dan Banks 0-0: Ball
1-0: Ball
2-0: Foul Ball, location: 2F
2-1: Ball
3-1: Called Strike
3-2: Base on Balls
Tim Gardner to second
Batting: LHB John Hudson 0-0: Foul Ball, location: 2F
0-1: Ball
1-1: Foul Ball, location: 2F
1-2: Foul Ball, location: 2F
1-2: Ball
2-2: Ball
3-2: Foul Ball, location: 2F
3-2: Foul Ball, location: 2F
3-2: Fly out, F8 (Flyball, 8LS)
Batting: RHB Kolomon Meise 0-0: Ball
1-0: Called Strike
1-1: Foul Ball, location: 2F
1-2: Ball
2-2: Foul Ball, location: 2F
2-2: Ball
3-2: 3-RUN HOME RUN (Flyball, 89XD), Distance : 402 ft
Batting: LHB Miguel Colón 0-0: Ball
1-0: Swinging Strike
1-1: Foul Ball, location: 2F
1-2: SINGLE (Line Drive, 8RS)
Pitching: RHP Lúcio Estrada
Batting: LHB Mario Álvarez 0-0: Ball
1-0: Ground out 4-3 (Groundball, 4)
Bottom of the 7th over - 4 runs, 4 hits, 0 errors, 1 left on base; St. Louis 9 - New Orleans 4
TOP OF THE 8TH
St. Louis Browns batting - Pitching for New Orleans Looters : RHP Jason MacKnight
Batting: LHB Dave Watson 0-0: Ball
1-0: Swinging Strike
1-1: Foul Ball, location: 2F
1-2: Ball
2-2: Strikes out swinging
Batting: LHB Robin Hill 0-0: Swinging Strike
0-1: TRIPLE (Flyball, 89XD)
Batting: LHB Juan Vásquez 0-0: Fly out, F9 (Line Drive, 9)
Runner from 3rd tags up, SCORES, no throw
Batting: LHB Norberto Muñóz 0-0: Called Strike
0-1: Foul Ball, location: 2F
0-2: Ball
1-2: Foul Ball, location: 2F
1-2: Ball
2-2: Ground out 6-3 (Groundball, 6)
Top of the 8th over - 1 run, 1 hit, 0 errors, 0 left on base; St. Louis 10 - New Orleans 4
BOTTOM OF THE 8TH
New Orleans Looters batting - Pitching for St. Louis Browns : RHP Lúcio Estrada
Now in RF: Miguel Medellín
Batting: SHB Arturo Sánchez 0-0: Called Strike
0-1: Called Strike
0-2: Ball
1-2: SINGLE (Groundball, 34D)
Batting: SHB Oliver Deleón 0-0: 2-RUN HOME RUN (Flyball, 9LD), Distance : 348 ft
Pitching: LHP José Garza
Batting: LHB Taylor Smith 0-0: SINGLE (Line Drive, 34D)
Batting: RHB Tim Gardner 0-0: Called Strike
0-1: SINGLE (Groundball, 4D)
Taylor Smith to second
Runner from 2nd tries for 3rd, SAFE, no throw
Pitching: RHP Huang Chen
Batting: RHB Dan Banks 0-0: SINGLE (Line Drive, 56D)
Taylor Smith scores
Tim Gardner to second
Batting: LHB John Hudson 0-0: Called Strike
0-1: SINGLE (Groundball, 4MD)
Tim Gardner to third
Dan Banks to second
Runner from 3rd tries for Home, SAFE, throw made at trailing runner, OUT at third!
Batting: RHB Kolomon Meise 0-0: Ball
1-0: Called Strike
1-1: Ball
2-1: Foul Ball, location: 2F
2-2: Foul Ball, location: 2F
2-2: Foul Ball, location: 2F
2-2: Strikes out swinging
Batting: LHB Miguel Colón 0-0: Called Strike
0-1: Foul Ball, location: 2F
0-2: Ground out 4-3 (Groundball, 4)
Bottom of the 8th over - 4 runs, 6 hits, 0 errors, 1 left on base; St. Louis 10 - New Orleans 8
TOP OF THE 9TH
St. Louis Browns batting - Pitching for New Orleans Looters : RHP Jason MacKnight
Pitching: RHP Ienobu Sato
Batting: RHB Carlos Alfaro 0-0: Ball
1-0: Ball
2-0: SINGLE (Line Drive, 4D)
Batting: LHB Junior Coates 0-0: Swinging Strike
0-1: Ball
1-1: Ball
2-1: Ball
3-1: Called Strike
3-2: Foul Ball, location: 2F
3-2: Base on Balls
Carlos Alfaro to second
Pitching: LHP Juan Méndez
Batting: RHB Jeff Jones 0-0: Grounds into double play, 6-4-3 (Groundball, 6)
Carlos Alfaro to third
Batting: RHB Felipe Rodríguez 0-0: Called Strike
0-1: Fly out, F8 (Flyball, 8LXD)
Top of the 9th over - 0 runs, 1 hit, 0 errors, 1 left on base; St. Louis 10 - New Orleans 8
BOTTOM OF THE 9TH
New Orleans Looters batting - Pitching for St. Louis Browns : RHP Huang Chen
Batting: LHB Mario Álvarez 0-0: Ball
1-0: Ball
2-0: Foul Ball, location: 2F
2-1: Foul Ball, location: 2F
2-2: Foul Ball, location: 2F
2-2: Strikes out swinging
Batting: SHB Arturo Sánchez 0-0: Called Strike
0-1: Ball
1-1: Ball
2-1: Fly out, F8 (Flyball, 78D)
Batting: SHB Oliver Deleón 0-0: SINGLE (Groundball, 4MD)
Batting: LHB Taylor Smith 0-0: Swinging Strike
0-1: Swinging Strike
0-2: Strikes out swinging
Bottom of the 9th over - 0 runs, 1 hit, 0 errors, 1 left on base; St. Louis 10 - New Orleans 8
Saturday, April 7th, 2018 - OOTP Baseball 18.8 Build 76